 Dungeon Crawl Stone Soup version 0.30-a0-702-gdf48620a09 (webtiles) character file.

Game seed: 5407922067160020149

11914 Darius099 the Protected (level 11, -2/80 HPs)
             Began as a Gargoyle Fighter on Jan 22, 2023.
             Was a High Priest of Okawaru.
             Slain by a cane toad (12 damage)
             ... on level 1 of the Lair of Beasts.
             The game lasted 00:27:47 (11344 turns).

Darius099 the Protected (Gargoyle Fighter)         Turns: 11344, Time: 00:27:48

Health: -2/80      AC: 19    Str: 22    XL:     11   Next: 85%
Magic:  0/11       EV: 10    Int:  9    God:    Okawaru [*****.]
Gold:   625        SH:  6    Dex: 11    Spells: 10/10 levels left

rFire   x . .      SeeInvis +    a - +0 flail
rCold   . . .      Faith    .    c - +0 buckler
rNeg    + . .      Spirit   +    j - +0 acid dragon scales
rPois   ∞          Reflect  .    n - +0 helmet
rElec   +          Harm     .    A - scarf {repulsion}
rCorr   +          Rampage  .    (no gloves)
Will    ++...      Rage     3%   F - +0 pair of boots of Rexked {rPois rF- Will+ Slay+3}
Stlth   +                        h - amulet of guardian spirit
HPRegen 0.33/turn                e - ring of see invisible
MPRegen 0.12/turn                r - ring of willpower

@: repel missiles
A: sickness immunity, AC +8, negative energy resistance 1, electricity
resistance, torment resistance 1, petrification resistance, berserk 1, robust 1
a: Renounce Religion, Heroism, Finesse, Duel


You were on level 1 of the Lair of Beasts.
You worshipped Okawaru.
Okawaru was extremely pleased with you.
You visited 3 branches of the dungeon, and saw 13 of its levels.

You collected 625 gold pieces.

Inventory:

Hand Weapons
 a - a +0 flail (weapon)
Armour
 c - a +0 buckler (worn)
 j - +0 acid dragon scales (worn)
 k - a +0 scale mail of cold resistance
 n - a +0 helmet (worn)
 w - a scarf of invisibility
 A - a scarf of repulsion (worn)
 F - the +0 pair of boots of Rexked (worn) {rPois rF- Will+ Slay+3}
   (You found it on level 6 of the Dungeon)

   Slay:      It affects your accuracy & damage with ranged weapons and melee
   (+3).
   rF:        It makes you vulnerable to fire.
   rPois:     It protects you from poison.
   Will:      It increases your willpower.
 G - a +0 plate armour
Jewellery
 e - a ring of see invisible (left hand)
 h - an amulet of guardian spirit (around neck)
 m - an amulet of the acrobat
 p - a ring of wizardry
 q - an amulet of magic regeneration
 r - a ring of willpower (right hand)
 s - a +6 ring of intelligence
 K - a ring of positive energy
 L - a ring of willpower
Wands
 E - a wand of flame (22)
Scrolls
 f - 3 scrolls of amnesia
 g - 7 scrolls of teleportation
 l - 2 scrolls of brand weapon
 o - 2 scrolls of fog
 u - a scroll of silence
 x - 2 scrolls of enchant armour
 y - 2 scrolls of blinking
 B - a scroll of immolation
 H - 2 scrolls of enchant weapon
 I - a scroll of poison {unknown}
 M - a scroll of magic mapping
 N - a scroll of acquirement {unknown}
Potions
 b - 2 potions of berserk rage
 d - 3 potions of might
 t - 2 potions of resistance
 v - a potion of flight
 z - 2 potions of magic
 C - 3 potions of mutation
 J - a potion of brilliance
Miscellaneous
 i - a lightning rod (4/4)


   Skills:
 + Level 10.7 Fighting
 + Level 9.6 Maces & Flails
 + Level 10.8 Armour
 + Level 10.8 Shields


You had 10 spell levels left.
You didn't know any spells.
Your spell library contained the following spells:

 Spells                   Type           Power      Damage    Failure   Level
 Freeze                   Ice            0%         1d3       52%         1
 Magic Dart               Conj           0%         1d3       52%         1
 Necrotise                Necr           0%         1d4       52%         1
 Slow                     Hex            0%         N/A       52%         1
 Blink                    Tloc           0%         N/A       65%         2
 Searing Ray              Conj           0%         2d4       65%         2
 Wereblood                Tmut           0%         N/A       65%         2
 Confusing Touch          Hex            0%         N/A       87%         3
 Dazzling Flash           Conj/Hex       0%         N/A       87%         3
 Frozen Ramparts          Ice            0%         1d1       87%         3
 Hailstorm                Conj/Ice       0%         3d3       87%         3
 Vampiric Draining        Necr           0%         2d6       87%         3
 Airstrike                Air            0%         2d(0-16)  99%         4
 Anguish                  Hex/Necr       0%         N/A       99%         4
 Fulminant Prism          Conj/Hex       0%         3d5       99%         4
 Iskenderun's Mystic Bla  Conj/Tloc      0%         2d3       99%         4
 Manifold Assault         Tloc           0%         N/A       99%         4
 Agony                    Necr           0%         N/A       100%        5
 Arcjolt                  Conj/Air       0%         1d10      100%        5
 Lightning Bolt           Conj/Air       0%         1d11      100%        5
 Silence                  Hex/Air        0%         N/A       100%        5
 Starburst                Conj/Fire      0%         6d3       100%        6
 Storm Form               Tmut/Air       0%         N/A       100%        7
 Sublimation of Blood     Necr           Unusable   N/A       N/A         2
 Summon Lightning Spire   Summ/Air       Unusable   N/A       N/A         4
 Summon Hydra             Summ           Unusable   N/A       N/A         7

Dungeon Overview and Level Annotations

Branches:
Dungeon (11/15)            Temple (1/1) D:4            Lair (1/5) D:9
    Orc (0/2) D:10

Altars:
Ashenzari
Cheibriados
Dithmenos
Elyvilon
Fedhas
Gozag
Hepliaklqana
Kikubaaqudgha
Makhleb
Nemelex Xobeh
Okawaru
Qazlal
Ru
Sif Muna
Trog
Uskayaw
Vehumet
Wu Jian
Xom
Yredelemnul
Zin
The Shining One

Shops:
D:3 :   D:10 *


Innate Abilities, Weirdness & Mutations

You are immune to sickness and miasma.
Your stone body is resilient. (AC +8)
You are immune to poison.
You resist negative energy. (rN+)
You are resistant to electric shocks. (rElec)
You are resistant to unholy torment.
You are immune to petrification.
You sometimes lose your temper in combat.
You are robust. (+10% HP)


Message History

You hit the cane toad but do no damage.
The cane toad is moderately wounded.
The water moccasin barely misses you. The cane toad barely misses you.
The water moccasin barely misses you.
You hit the cane toad.
The cane toad is heavily wounded.
The cane toad barely misses you. You block the water moccasin's attack.
You barely miss the cane toad.
The cane toad is moderately wounded.
The water moccasin bites you. You block the cane toad's attack.
You barely miss the cane toad.
The cane toad is moderately wounded.
You block the water moccasin's attack. The cane toad barely misses you.
The water moccasin barely misses you.
You barely miss the cane toad.
The cane toad is moderately wounded.
The cane toad barely misses you. You block the water moccasin's attack.
You thump the cane toad!
The cane toad is heavily wounded.
The cane toad stings you!
* * * LOW HITPOINT WARNING * * *
The water moccasin bites you but does no damage.
You completely miss the cane toad.
The cane toad is heavily wounded.
The water moccasin bites you but does no damage.
The cane toad misses you. The water moccasin bites you.
* * * LOW HITPOINT WARNING * * *
You sock the cane toad!
The cane toad is severely wounded.
The cane toad stings you!
* * * LOW HITPOINT WARNING * * *
The water moccasin bites you but does no damage.
You feel better. The cane toad barely misses you.
The water moccasin bites you but does no damage.
The cane toad closely misses you.
You barely miss the cane toad.
The cane toad is severely wounded.
The water moccasin bites you but does no damage.
The cane toad stings you!
You die...

.# #...........# .#
#.###.####..## .# #.# ###
##..######.. .# #.##
#.......... .### #..#
##..>.......
.#.###.#####.##...........
..........................
.#####.#########..........
.## #.# #@S........ ..#
#.# #.F......... .## #.#
#........... .#####.#
##......... ....##.P#
#........ .........
......... #.#######
.##.#.##. ### # ####


You could see a cane toad and a water moccasin.

Vanquished Creatures
  A two-headed ogre (D:11)
  Sonja (D:10)
  A cane toad (Lair:1)
  Psyche (D:11)
  An unseen horror (D:11)
  A komodo dragon (D:11)
  2 trolls
  2 hornets
  A shadow (D:9)
  2 wyverns (D:9)
  4 yaks (D:11)
  A wraith (D:9)
  2 steam dragons (D:9)
  5 basilisks
  3 vampire mosquitoes (D:11)
  6 water moccasins
  A sky beast (D:6)
  4 ice beasts
  9 orc warriors
  2 black bears
  An ogre (D:5)
  2 centaurs
  2 phantoms
  7 wolves
  5 kobold brigands
  3 bullfrogs
  A necrophage (D:6)
  3 scorpions (D:5)
  9 wights
  28 killer bees
  2 howler monkeys (D:7)
  4 orc priests
  3 hounds
  3 jellies
  6 hell rats (Lair:1)
  2 iguanas
  5 orc wizards
  8 gnolls
  7 adders
  A shadow imp (D:6)
  A white imp (D:5)
  An ufetubus (D:5)
  A dart slug (D:7)
  30 orcs
  6 endoplasms
  2 giant cockroaches
  7 hobgoblins
  7 ball pythons
  4 bats
  A frilled lizard (D:2)
  6 goblins
  22 kobolds
  5 rats
245 creatures vanquished.

Vanquished Creatures (others)
  An orc (D:9)
  5 fungi
  20 plants
26 creatures vanquished.

Grand Total: 271 creatures vanquished

Notes
Turn   | Place    | Note
-------+----------+-------------------------------------------
     0 | D:1      | Darius099 the Gargoyle Fighter began the quest for the Orb.
     0 | D:1      | Reached XP level 1. HP: 14/14 MP: 1/1
   120 | D:1      | Reached XP level 2. HP: 13/19 MP: 2/2
   467 | D:1      | Found a faded altar of an unknown god.
   860 | D:2      | Reached XP level 3. HP: 23/23 MP: 3/3
  1099 | D:2      | Identified the +1 short sword "Uneseont" {speed, Fly rC-
                  | rN+ Dex+5}
  1666 | D:3      | Found Illieps's Vocational Training.
  1711 | D:3      | Reached XP level 4. HP: 29/29 MP: 4/4
  2156 | D:3      | Found a shimmering altar of Xom.
  2167 | D:3      | Reached XP level 5. HP: 33/33 MP: 5/5
  2381 | D:3      | Found a shimmering blue altar of Sif Muna.
  2580 | D:4      | Noticed a phantom
  2595 | D:3      | HP: 1/34 [orc/+0 short sword (1)]
  2798 | D:4      | Found a staircase to the Ecumenical Temple.
  2888 | D:3      | Killed a phantom
  2889 | D:3      | Reached XP level 6. HP: 36/39 MP: 6/6
  2927 | Temple   | Entered the Ecumenical Temple
  3065 | Temple   | Became a worshipper of Warmaster Okawaru
  3188 | D:4      | Found a sacrificial altar of Ru.
  3188 | D:4      | Found a glowing silver altar of Zin.
  3563 | D:4      | Gained mutation: You have a pair of small horns on your
                  | head. [potion of mutation]
  3563 | D:4      | Gained mutation: You sometimes lose your temper in combat.
                  | [potion of mutation]
  3563 | D:4      | Lost mutation: You have a pair of small horns on your head.
                  | [potion of mutation]
  3563 | D:4      | Gained mutation: You are robust. (+10% HP) [potion of
                  | mutation]
  3582 | D:5      | Entered Level 5 of the Dungeon
  3626 | D:5      | Reached skill level 5 in Armour
  3659 | D:5      | Reached skill level 5 in Fighting
  3659 | D:5      | Reached skill level 5 in Shields
  3659 | D:5      | Reached XP level 7. HP: 38/48 MP: 4/7
  3660 | D:5      | Reached * piety under Okawaru
  4171 | D:5      | Found a hazy altar of Hepliaklqana.
  4172 | D:5      | Found a shadowy altar of Dithmenos.
  4172 | D:5      | Noticed a shadow
  4177 | D:5      | Got the Writings on the Cumulonimbus and Evil
  4303 | D:5      | Reached XP level 8. HP: 56/56 MP: 8/8
  4479 | D:6      | Identified the +0 pair of boots of Rexked {rPois rF- Will+
                  | Slay+3}
  4636 | D:6      | Reached skill level 5 in Maces & Flails
  4649 | D:6      | Reached ** piety under Okawaru
  5454 | D:6      | Reached XP level 9. HP: 51/61 MP: 9/9
  5769 | D:6      | Reached *** piety under Okawaru
  5787 | D:7      | Noticed a hornet
  5871 | D:6      | Killed a hornet
  5999 | D:7      | Found a hide-covered altar of Uskayaw.
  6041 | D:7      | Found a snail-covered altar of Cheibriados.
  6221 | D:7      | Found a sparkling altar of Nemelex Xobeh.
  6255 | D:7      | Found a broken altar of Ashenzari.
  6662 | D:8      | Reached **** piety under Okawaru
  7003 | D:8      | Found a bloodstained altar of Trog.
  7142 | D:8      | Reached XP level 10. HP: 70/70 MP: 10/10
  7618 | D:9      | Received a gift from Okawaru
  7680 | D:9      | HP: 1/71 [black bear (4)]
  7933 | D:9      | Reached ***** piety under Okawaru
  8058 | D:9      | Found a staircase to the Lair.
  8185 | D:9      | Identified the +0 robe of Cificug {Int+3} (Okawaru gifted
                  | it to you on level 9 of the Dungeon)
  8185 | D:9      | Received a gift from Okawaru
  8255 | D:9      | Reached XP level 11. HP: 74/78 MP: 11/11
  8507 | D:10     | Entered Level 10 of the Dungeon
  8519 | D:10     | Found a glowing golden altar of the Shining One.
  8542 | D:10     | Found an ornate altar of the Wu Jian Council.
  8594 | D:10     | Found an opulent altar of Gozag.
  8664 | D:10     | HP: 1/79 [troll (10)]
  8934 | D:10     | Found a staircase to the Orcish Mines.
  9102 | D:10     | Found Konoick's Assorted Antiques.
  9144 | D:10     | Noticed Sonja
  9160 | D:10     | Killed Sonja
  9556 | D:11     | Reached skill level 10 in Armour
  9556 | D:11     | Reached skill level 10 in Shields
  9661 | D:11     | Reached skill level 10 in Fighting
  9670 | D:11     | Noticed a two-headed ogre
  9679 | D:11     | Killed a two-headed ogre
  9830 | D:11     | Noticed Psyche
  9844 | D:11     | Killed Psyche
 10593 | Lair:1   | Entered Level 1 of the Lair of Beasts
 11342 | Lair:1   | HP: 4/80 [cane toad (10)]
 11344 | Lair:1   | Slain by a cane toad

Illustrated notes

Levels and vault maps discovered:
D:1:      matt_arrival_debris, layout_rooms,
          dreamdust_ecumenical_altar_angels_and_demons, minmay_misc_feat_doors
D:2:      minmay_chambers_of_twos, layout_loops_corners
D:3:      layout_loops_ring, kennysheep_orc_sif_temple, tgw_xom, minivault_4,
          corner_web_ring, nicolae_shop_vocational
D:4:      layout_gridville, grunt_temple_overflow_open,
          minmay_temple_entry_arrows
D:5:      layout_loops_ring, riverfiend_overflow_shadow_ancestor
D:6:      layout_loops_ring, grunt_ministairs_13
D:7:      layout_rooms, kennysheep_slug_shrine, nicolae_overflow_crystal_walls,
          ashenzari_conservatory_becter, nemelex_diamond_rough_becter,
          minivault_26
D:8:      layout_loops_ring, lightli_temple_of_fire, kennysheep_generic_room_3
D:9:      layout_loops_ring, minmay_lair_entry_grove
D:10:     layout_roguey, kennysheep_mini_moat, nzn_wu_jian_contemplation,
          nicolae_gozag_seed_capital, grunt_decor_mini_mirrors,
          nicolae_take_the_stairs, uniq_sonja
D:11:     layout_roguey [special_room_orc], minmay_unpleasant_kobolds,
          uniq_psyche
Temple:   nicolae_temple_godpark
Lair:1:   layout_small_grid, fungi_pond_lemuel

Skill      XL: |  1  2  3  4  5  6  7  8  9 10 11 |
---------------+----------------------------------+-----
Armour         | 4 5 7 8 9 10 | 10.8
Fighting       | 4 5 6 8 9 10 | 10.7
Shields        | 4 5 6 8 9 10 | 10.8
Maces & Flails | 3 4 5 7 8 9 |  9.6

Action                   |  1- 3 |  4- 6 |  7- 9 | 10-12 || total
-------------------------+-------+-------+-------+-------++-------
Melee: Flail             |   123 |   169 |   355 |   514 ||  1161
Invok: Heroism           |       |       |       |     1 ||     1
Evoke: Wand              |       |       |       |     1 ||     1
  Use: Potion            |       |     3 |       |    11 ||    14
       Scroll            |       |     1 |       |    16 ||    17
Armor: Scale mail        |    47 |       |       |       ||    47
       Acid dragon scale |    35 |   132 |   283 |   348 ||   798
Dodge: Dodged            |    82 |   130 |   246 |   315 ||   773
       Repelled          |       |       |     2 |     3 ||     5
Block: Buckler           |    25 |    64 |   134 |   200 ||   423

Table legend: (Time is in decaauts)
 A = Elapsed time spent in this place.
 B = Non-inter-level travel time spent in this place.
 C = Inter-level travel time spent in this place.
 D = Time resting spent in this place.
 E = Time spent auto-exploring this place.
 F = Levels seen in this place.
 G = Mean time per level.
                   A        B        C        D        E       F      G
               +--------+--------+--------+--------+--------+-----+--------+
         Total |  11640 |  11334 |    306 |   2129 |   6189 |  13 |  895.4 |
       Dungeon |  10718 |  10423 |    295 |   2049 |   5559 |  11 |  974.4 |
        Temple |    164 |    164 |      0 |      0 |    107 |   1 |  164.0 |
          Lair |    758 |    747 |     11 |     80 |    523 |   1 |  758.0 |
               +--------+--------+--------+--------+--------+-----+--------+

Top non-repeatable levels by time:
     D:6: 1437 daAuts
    D:10: 1281 daAuts
     D:3: 1225 daAuts
     D:9: 1189 daAuts
     D:8: 1016 daAuts
     D:2: 939 daAuts
     D:5: 871 daAuts
    D:11: 786 daAuts
  Lair:1: 758 daAuts
     D:1: 752 daAuts
     D:7: 621 daAuts
     D:4: 596 daAuts
  Temple: 164 daAuts
